AoeStats
← XIII-Hanomontano

African Clearing

510600119Analyzed
4v4 RM · 6h ago on Oct 1, 2026· 47m 57s· 8 players
Game mode
Random Map
Map size
Large (8 player)
Population
200
Speed
Normal
Resources
Standard
Victory
Conquest
Starting age
Dark Age
Ending age
Imperial Age
RankedLock teamsTeams togetherTeam positionsShared explorationLock speedFull tech treeHidden civsTurbo modeCheats
Victory
Defeat
🇨🇭 Georgians · Switzerland
1290
+13
🇧🇪 Varangians · Belgium
1286
+13
🇨🇭 Hindustanis · Switzerland
1267
+14
🇵🇭 Saracens · Philippines
1206
+16
🇧🇷 Ethiopians · Brazil
1276
-16
🇧🇷 Turks · Brazil
1272
-17
🇧🇷 Persians · Brazil
1174
-12
🇧🇷 Vikings · Brazil
1151
-11
choebusmi
9:24 Loom
11:35 Feudal Age
12:13 Double-Bit Axe
13:45 Horse Collar
16:14 Wheelbarrow
18:38 Scale Barding Armor
22:14 Castle Age
21:42 Gold Mining
22:05 Bloodlines
22:11 Scale Barding Armor
27:12 Bow Saw
28:19 Hand Cart
28:09 Heavy Plow
28:43 Stone Mining
30:22 Gold Shaft Mining
30:44 Husbandry
31:20 Squires
31:42 Fletching
31:19 Pikeman
34:02 Hand Cart
35:05 Fletching
35:17 Scale Mail Armor
37:35 Grand Trunk Road
38:46 Bodkin Arrow
39:19 Ballistics
40:32 Scale Mail Armor
40:43 Forging
41:28 Chain Mail Armor
44:29 Imperial Age
44:35 Iron Casting
45:36 Conscription
46:54 Blast Furnace
46:06 Elite Ghulam
PetsSs
9:16 Loom
11:42 Feudal Age
12:12 Double-Bit Axe
12:09 Horse Collar
15:00 Bloodlines
19:08 Forging
19:46 Scale Barding Armor
23:55 Castle Age
23:22 Wheelbarrow
24:13 Gold Mining
24:14 Stone Mining
24:01 Light Cavalry
25:31 Iron Casting
31:11 Chain Barding Armor
31:07 Fletching
39:07 Imperial Age
40:58 Blast Furnace
45:21 Plate Barding Armor
44:48 Husbandry
44:57 Elite Jarl
46:44 Coinage
45:49 Hussar
jojo
3:44 Loom
13:27 Feudal Age
20:52 Castle Age
19:06 Double-Bit Axe
19:06 Horse Collar
21:02 Wheelbarrow
20:42 Town Watch
22:21 Bow Saw
22:33 Heavy Plow
34:17 Imperial Age
31:52 Stone Mining
31:53 Gold Mining
32:45 Hand Cart
34:42 Fletching
34:52 Padded Archer Armor
36:17 Forging
36:12 Scale Barding Armor
36:59 Husbandry
38:28 Gold Shaft Mining
39:50 Bloodlines
44:13 Imperial Age
42:40 Iron Casting
42:45 Elite Skirmisher
44:30 Bodkin Arrow
44:50 Leather Archer Armor
45:00 Ballistics
45:33 Conscription
45:52 Bracer
47:43 Chemistry
DerPuck
9:57 Loom
12:24 Feudal Age
13:27 Double-Bit Axe
14:23 Horse Collar
15:09 Town Watch
17:03 Wheelbarrow
18:49 Scale Barding Armor
26:43 Castle Age
25:31 Forging
25:21 Gold Mining
26:38 Fletching
29:12 Hand Cart
29:03 Bodkin Arrow
29:41 Bow Saw
29:57 Bloodlines
29:41 Light Cavalry
31:31 Pikeman
32:12 Squires
32:14 Scale Mail Armor
35:03 Stone Mining
37:56 Imperial Age
35:34 Guard Tower
36:44 Husbandry
37:06 Chain Barding Armor
37:24 Iron Casting
37:53 Heavy Plow
38:19 Masonry
38:30 Ballistics
37:54 Treadmill Crane
39:01 Bracer
39:40 Keep
38:53 Arrowslits
41:11 Stone Shaft Mining
41:11 Svan Towers
42:31 Conscription
43:44 Chemistry
SirT_Maji
9:41 Loom
12:17 Feudal Age
13:04 Double-Bit Axe
15:26 Bloodlines
15:56 Bloodlines
21:45 Scale Barding Armor
26:35 Castle Age
24:28 Horse Collar
25:38 Forging
28:02 Chain Barding Armor
SirT_Naval
4:08 Loom
14:14 Feudal Age
15:17 Double-Bit Axe
17:26 Horse Collar
20:43 Forging
24:55 Castle Age
24:00 Stone Mining
24:48 Gold Mining
25:02 Arson
26:05 Stone Shaft Mining
25:04 Pikeman
26:11 Squires
27:36 Iron Casting
31:53 Scale Barding Armor
34:59 Bloodlines
37:42 Chain Barding Armor
38:41 Gold Shaft Mining
39:31 Fletching
44:41 Imperial Age
44:39 Cavalier
46:21 Plate Barding Armor
46:47 Blast Furnace
46:15 Savar
48:22 Chemistry
XIII-Hanomontano
13:05 Feudal Age
11:20 Loom
14:06 Double-Bit Axe
17:24 Castle Age
16:19 Horse Collar
18:30 Fletching
18:41 Padded Archer Armor
18:04 Crossbowman
26:29 Town Watch
30:01 Scale Mail Armor
31:20 Forging
31:28 Chain Mail Armor
39:00 Bow Saw
39:26 Wheelbarrow
39:13 Gold Mining
42:59 Imperial Age
43:06 Imperial Age
40:42 Bodkin Arrow
41:03 Leather Archer Armor
41:41 Thumb Ring
42:09 Ballistics
42:52 Gold Shaft Mining
43:13 Arbalester
43:57 Bracer
44:28 Ring Archer Armor
45:42 Chemistry
45:55 Conscription
45:10 Elite Shotel Warrior
46:42 Plate Mail Armor
SirT_LaGzero
3:04 Loom
12:56 Feudal Age
16:02 Double-Bit Axe
19:55 Fletching
22:48 Horse Collar
26:37 Castle Age
25:21 Padded Archer Armor
26:59 Crossbowman
27:45 Bodkin Arrow
30:02 Town Watch
31:58 Heavy Plow
32:20 Bow Saw
34:21 Treadmill Crane
34:37 Gold Mining
37:47 Imperial Age
35:51 Leather Archer Armor
35:01 Pikeman
36:04 Town Patrol
37:13 Ballistics
37:05 Masonry
38:44 Bracer
39:47 Chemistry
38:58 Arbalester
40:48 Conscription
45:07 Scale Mail Armor
45:18 Forging
47:57 Hoardings
Connection lost

Rejoining the realm…

Still unreachable

The connection could not be restored.

Session expired

The server has moved on; the page needs a fresh start.